 Dungeon Crawl Stone Soup version 0.28-a0-1080-g05a166d0ed (webtiles) character file.

Game seed: 390540406456901439

16 ytrimaz the Insei (level 2, 13/16 HPs)
             Began as an Octopode Transmuter on Dec 10, 2021.
             Was a Follower of Hepliaklqana.
             Quit the game on level 1 of the Dungeon.
             The game lasted 00:00:50 (539 turns).

ytrimaz the Insei (Octopode Transmuter)              Turns: 539, Time: 00:00:51

Health: 13/16      AC:  1    Str:  9    XL:     2   Next: 54%
Magic:  5/5        EV: 13    Int: 15    God:    Hepliaklqana [*.....]
Gold:   52         SH:  0    Dex: 12    Spells: 4/5 levels left

rFire   . . .      SeeInvis .     - Unarmed
rCold   . . .      Faith    .   (no shield)
rNeg    . . .      Spirit   .   (helmet restricted)
rPois   .          Reflect  .   (no amulet)
rElec   .          Harm     .   (no ring)
rCorr   .          Rampage  .   (no ring)
Will    .....                   (no ring)
Stlth   ++........              (no ring)
HPRegen 0.05/turn               (no ring)
MPRegen 0.09/turn               (no ring)
                                (no ring)
                                (no ring)

@: no status effects
A: reduced essence, almost no armour, amphibious, 8 rings, camouflage 1,
gelatinous body 1, (nimble swimmer 1), tentacles
a: Renounce Religion, Recall Ancestor, Ancestor Identity


You were on level 1 of the Dungeon.
You worshipped Hepliaklqana.
Hepliaklqana was aware of your devotion.
You visited 1 branch of the dungeon, and saw 1 of its levels.

You collected 52 gold pieces.

Inventory:

Scrolls
 a - a scroll of magic mapping {unknown}
 c - a scroll of summoning {unknown}
Potions
 b - a potion of mutation {unknown}
 d - a potion of haste {unknown}


   Skills:
 * Level 1.3 Fighting
 - Level 2.0 Dodging
 + Level 3.2 Unarmed Combat
 * Level 2.2 Spellcasting
 * Level 2.2 Transmutations


You had 4 spell levels left.
You knew the following spells:

 Your Spells              Type           Power      Damage    Failure   Level
a - Beastly Appendage     Tmut           16%        N/A       9%          1

Your spell library contained the following spells:

 Spells                   Type           Power      Damage    Failure   Level
 Wereblood                Tmut           8%         N/A       13%         2
 Spider Form              Tmut/Pois      5%         N/A       38%         3
 Ice Form                 Ice/Tmut       5%         N/A       80%         4


Dungeon Overview and Level Annotations

Branches:
Dungeon (1/15)

Altars:
Hepliaklqana


Innate Abilities, Weirdness & Mutations

Your life essence is reduced to manifest your ancestor. (-10% HP)
You cannot wear most types of armour.
You are amphibious.
You can wear up to eight rings at the same time.
Your skin changes colour to match your surroundings (Stealth+).
Your rubbery body absorbs attacks. (AC +1, EV +1)
((You are camouflaged near water. (Stealth+)))
You have tentacles for arms and can constrict up to eight enemies at once.


Message History

You see here a rat corpse.
Your transformation is almost over.
Your tentacle spike disappears.
Found a weird glowing staff.
You see here a staff of air.
You now have 52 gold pieces (gained 12).
Found a faded altar of an unknown god.
The golden eye turns its gaze towards you.
A ball python comes into view.
The ball python hisses angrily.
A ball python is nearby!
The eye of devastation turns its gaze towards you.
You tentacle-slap the ball python.
You kill the ball python!
An endoplasm comes into view.
The golden eye turns its gaze towards you.
You see here a ball python corpse.
Found a chain mail.
The golden eye turns its gaze towards you.
The endoplasm quivers.
There is a faded altar of an unknown god here.
You cannot tell which god this altar belongs to.
Convert to them anyway?
Hepliaklqana accepts your prayer! Hepliaklqana welcomes you!
Hepliaklqana forms a fragment of your life essence into the memory of your ancestor, Decima!
You can now recall your ancestor.
You can now remember your ancestor's identity.
You swap places.
You tentacle-slap the endoplasm but do no damage.
The endoplasm hits you.
Decima hits the endoplasm but does no damage.
You tentacle-slap the endoplasm.
The endoplasm is heavily wounded.
The endoplasm closely misses you.
Decima hits the endoplasm.
You tentacle-slap the endoplasm but do no damage.
The endoplasm is almost dead.
The endoplasm barely misses you.
Decima completely misses the endoplasm.
You tentacle-slap the endoplasm.
You kill the endoplasm!
Are you sure you want to abandon this character and quit the game? (Confirm with "yes".)

##########
#####........## ###
#.....@....... ).#
#.###.R.###..# #.# # #
#G#...#G#.# #.###
#.###...###.# #.##.
#...........# #.#..
##....._.....#######....
#.......†...............
#..###...###..#........#
#[.#G#...#G#..........##


You could see the friendly Decima the ancestor and 2 golden eyes.

Vanquished Creatures
  A dart slug (D:1)
  2 endoplasms (D:1)
  A goblin (D:1)
  2 hobgoblins (D:1)
  A kobold (D:1)
  A ball python (D:1)
  3 bats (D:1)
  A frilled lizard (D:1)
  A rat (D:1)
13 creatures vanquished.

Notes
Turn   | Place    | Note
-------+----------+-------------------------------------------
     0 | D:1      | ytrimaz the Octopode Transmuter began the quest for the
                  | Orb.
     0 | D:1      | Reached XP level 1. HP: 13/13 MP: 3/3
   175 | D:1      | Noticed a golden eye
   278 | D:1      | Reached XP level 2. HP: 18/18 MP: 5/5
   518 | D:1      | Found a faded altar of an unknown god.
   521 | D:1      | Noticed a golden eye
   521 | D:1      | Noticed a golden eye
   521 | D:1      | Noticed an eye of devastation
   529 | D:1      | Prayed at the altar of an unknown god.
   529 | D:1      | Became a worshipper of Hepliaklqana the Forgotten
   529 | D:1      | Reached * piety under Hepliaklqana
   539 | D:1      | Quit the game

Illustrated notes

Levels and vault maps discovered:
D:1:      minmay_arrival_four_circles, layout_loops_ring,
          hellmonk_ecumenical_altar_watching_god

Action                   || total
-------------------------++-------
Melee: Unarmed           ||    30
       Constrict         ||     7
       Kick              ||     4
       Tentacles         ||     2
 Cast: Beastly Appendage ||     6
 Stab: Sleeping          ||     1
Armor: Skin              ||     8
Dodge: Dodged            ||    39

Table legend: (Time is in decaauts)
 A = Elapsed time spent in this place.
 B = Non-inter-level travel time spent in this place.
 C = Inter-level travel time spent in this place.
 D = Time resting spent in this place.
 E = Time spent auto-exploring this place.
 F = Levels seen in this place.
 G = Mean time per level.
                   A        B        C        D        E       F      G
               +--------+--------+--------+--------+--------+-----+--------+
         Total |    537 |    537 |      0 |      0 |    418 |   1 |  537.0 |
       Dungeon |    537 |    537 |      0 |      0 |    418 |   1 |  537.0 |
               +--------+--------+--------+--------+--------+-----+--------+

Top non-repeatable levels by time:
     D:1: 537 daAuts
